MAA
NORTONVILLE CHEROKEES @ BELVEDERE PARK RAWHIDES
07/03/2017
 
TOP OF THE 1ST
Nortonville Cherokees batting - Pitching for Colorado Springs Velocity : RHP Roberto Rodríguez
Pitching: RHP Roberto Rodríguez
Batting: SHB Chris Cordell 0-0: Called Strike
0-1: SINGLE (Groundball, 5D)
Batting: RHB Ernest Lee 0-0: Ball
1-0: Foul Ball, location: 2F
1-1: Ball
2-1: Swinging Strike
2-2: SINGLE (Line Drive, 4MD)
Chris Cordell to second
Batting: RHB Matt Nelson 0-0: Called Strike
0-1: Foul Ball, location: 2F
0-2: SINGLE (Line Drive, 4M)
Chris Cordell to third
Ernest Lee to second
Batting: RHB Jeff Bass 0-0: Grounds into double play, 4-6-3 (Groundball, 4)
Chris Cordell scores
Ernest Lee to third
Batting: RHB Tim Norris 0-0: Fly out, F9 (Flyball, 8RM)
Top of the 1st over - 1 run(s), 3 hit(s), 0 error(s), 1 left on base; Nortonville 1 - Colorado Springs 0
BOTTOM OF THE 1ST
Colorado Springs Velocity batting - Pitching for Nortonville Cherokees : RHP Jim Mitford
Pitching: RHP Jim Mitford
Batting: RHB Tim Mayfield 0-0: Foul Ball, location: 2F
0-1: Bunted foul
0-2: Ball
1-2: Ball
2-2: Ball
3-2: Base on Balls
Batting: SHB Jack Bell 0-0: Ball
1-0: Called Strike
1-1: Ball
2-1: Fly out, F5 (Popup, 5S)
Batting: RHB Robert Hill 0-0: Ball
1-0: Called Strike
1-1: Ball
2-1: Ball
3-1: Grounds into double play, 5-4-3 (Groundball, 5)
Bottom of the 1st over - 0 run(s), 0 hit(s), 0 error(s), 0 left on base; Nortonville 1 - Colorado Springs 0
TOP OF THE 2ND
Nortonville Cherokees batting - Pitching for Colorado Springs Velocity : RHP Roberto Rodríguez
Batting: RHB Joel Lee 0-0: Ball
1-0: Called Strike
1-1: Ground out 4-3 (Groundball, 4)
Batting: RHB Lane Hancock 0-0: Called Strike
0-1: Foul Ball, location: 2F
0-2: Strikes out looking
Batting: RHB Leonard James 0-0: Called Strike
0-1: Ball
1-1: Swinging Strike
1-2: Ball
2-2: Ground out 4-3 (Groundball, 4M)
Top of the 2nd over - 0 run(s), 0 hit(s), 0 error(s), 0 left on base; Nortonville 1 - Colorado Springs 0
BOTTOM OF THE 2ND
Colorado Springs Velocity batting - Pitching for Nortonville Cherokees : RHP Jim Mitford
Batting: RHB Bert Keller 0-0: Ball
1-0: Ball
2-0: SINGLE (Flyball, 78M)
Batting: LHB Gregory Johnson 0-0: Fielders Choice at 2nd, 6-4 (Groundball, 6M)
Batting: RHB Thomas Dunlap 0-0: Foul Ball, location: 2F
0-1: DOUBLE (Groundball, 3L)
Gregory Johnson to third
Runner from 3rd tries for Home, SAFE, no throw or cutoff
Batting: RHB Dave Waller 0-0: Ground out 1-3 (Groundball, 13)
Thomas Dunlap to third
Batting: RHB Ralph Johnson 0-0: Ball
1-0: Ball
2-0: Foul Ball, location: 2F
2-1: Foul Ball, location: 2F
2-2: SINGLE (Groundball, 56D)
Thomas Dunlap scores
Batting: SHB Jim Unknown 0-0: Called Strike
0-1: Swinging Strike
0-2: Ball
1-2: Foul Ball, location: 2F
1-2: SINGLE (Line Drive, 4MD)
Ralph Johnson to second
Batting: RHB Tim Mayfield 0-0: Ball
1-0: Swinging Strike
1-1: Fielders Choice at 2nd, 5-4 (Groundball, 5)
Bottom of the 2nd over - 2 run(s), 4 hit(s), 0 error(s), 1 left on base; Nortonville 1 - Colorado Springs 2
TOP OF THE 3RD
Nortonville Cherokees batting - Pitching for Colorado Springs Velocity : RHP Roberto Rodríguez
Now at 3B: Jeremy Harrison
Batting: RHB Chris Oudekirk 0-0: Called Strike
0-1: Swinging Strike
0-2: Foul Ball, location: 2F
0-2: DOUBLE (Line Drive, 7LS)
Batting: SHB Chris Cordell 0-0: Ball
1-0: Called Strike
1-1: Ground out 4-3 (Groundball, 4)
Chris Oudekirk to third
Batting: RHB Ernest Lee 0-0: Ball
1-0: Called Strike
1-1: Ground out 6-3 (Groundball, 6)
Chris Oudekirk scores
Batting: RHB Matt Nelson 0-0: Called Strike
0-1: Swinging Strike
0-2: Foul Ball, location: 2F
0-2: Ball
1-2: Foul Ball, location: 2F
1-2: Ball
2-2: SINGLE (Groundball, 5D)
Batting: RHB Jeff Bass 0-0: Ground out 6-3 (Groundball, 6)
Top of the 3rd over - 1 run(s), 2 hit(s), 0 error(s), 1 left on base; Nortonville 2 - Colorado Springs 2
BOTTOM OF THE 3RD
Colorado Springs Velocity batting - Pitching for Nortonville Cherokees : RHP Jim Mitford
Batting: SHB Jack Bell 0-0: Called Strike
0-1: Called Strike
0-2: SOLO HOME RUN (Flyball, 9D), Distance : 389 ft
Batting: RHB Robert Hill 0-0: Ball
1-0: Swinging Strike
1-1: Ball
2-1: Called Strike
2-2: Foul Ball, location: 2F
2-2: Strikes out swinging
Batting: RHB Jeremy Harrison 0-0: Ball
1-0: Ground out 6-3 (Groundball, 6)
Batting: LHB Gregory Johnson 0-0: Ball
1-0: Ball
2-0: Called Strike
2-1: Ball
3-1: Swinging Strike
3-2: Strikes out looking
Bottom of the 3rd over - 1 run(s), 1 hit(s), 0 error(s), 0 left on base; Nortonville 2 - Colorado Springs 3
TOP OF THE 4TH
Nortonville Cherokees batting - Pitching for Colorado Springs Velocity : RHP Roberto Rodríguez
Batting: RHB Tim Norris 0-0: Ball
1-0: Ball
2-0: Ball
3-0: Called Strike
3-1: Base on Balls
Batting: RHB Joel Lee 0-0: Foul Ball, location: 2F
0-1: Ball
1-1: Ball
2-1: Ground out 6-3 (Groundball, 6MS)
Tim Norris to second
Batting: RHB Lane Hancock 0-0: Ball
1-0: Called Strike
1-1: Ball
2-1: Ball
3-1: Foul Ball, location: 2F
3-2: Base on Balls
Batting: RHB Leonard James 0-0: Foul Ball, location: 2F
0-1: Ball
1-1: Foul Ball, location: 2F
1-2: Ball
2-2: Grounds into double play, 4-6-3 (Groundball, 4)
Top of the 4th over - 0 run(s), 0 hit(s), 0 error(s), 1 left on base; Nortonville 2 - Colorado Springs 3
BOTTOM OF THE 4TH
Colorado Springs Velocity batting - Pitching for Nortonville Cherokees : RHP Jim Mitford
Batting: RHB Thomas Dunlap 0-0: Called Strike
0-1: Foul Ball, location: 2F
0-2: Foul Ball, location: 2F
0-2: Foul Ball, location: 2F
0-2: Strikes out swinging
Batting: RHB Dave Waller 0-0: Ball
1-0: Swinging Strike
1-1: SINGLE (Groundball, 6MD)
Batting: RHB Ralph Johnson 0-0: Called Strike
0-1: Ball
1-1: Fly out, F6 (Popup, 6M)
Batting: SHB Jim Unknown 0-0: Ball
1-0: Ball
2-0: Foul Ball, location: 2F
2-1: Foul Ball, location: 2F
2-2: Ball
3-2: Foul Ball, location: 2F
3-2: Strikes out looking
Bottom of the 4th over - 0 run(s), 1 hit(s), 0 error(s), 1 left on base; Nortonville 2 - Colorado Springs 3
TOP OF THE 5TH
Nortonville Cherokees batting - Pitching for Colorado Springs Velocity : RHP Roberto Rodríguez
Batting: RHB Chris Oudekirk 0-0: Foul Ball, location: 2F
0-1: Called Strike
0-2: Ball
1-2: Strikes out swinging
Batting: SHB Chris Cordell 0-0: Ground out U3 (Groundball, 3)
Batting: RHB Ernest Lee 0-0: Called Strike
0-1: Called Strike
0-2: Ball
1-2: Ball
2-2: Foul Ball, location: 2F
2-2: Ball
3-2: Ground out 4-3 (Groundball, 13)
Top of the 5th over - 0 run(s), 0 hit(s), 0 error(s), 0 left on base; Nortonville 2 - Colorado Springs 3
BOTTOM OF THE 5TH
Colorado Springs Velocity batting - Pitching for Nortonville Cherokees : RHP Jim Mitford
Batting: RHB Tim Mayfield 0-0: Ball
1-0: Ball
2-0: Ball
3-0: Base on Balls
Batting: SHB Jack Bell 0-0: Ball
1-0: Bunted foul
1-1: Sac Bunt - play at first, batter OUT! 3-4
Tim Mayfield to second
Batting: RHB Robert Hill 0-0: Ground out 6-3 (Groundball, 6M)
Tim Mayfield to third
Batting: RHB Jeremy Harrison 0-0: Swinging Strike
0-1: Ball
1-1: Swinging Strike
1-2: Fly out, F9 (Flyball, 9M)
Bottom of the 5th over - 0 run(s), 0 hit(s), 0 error(s), 1 left on base; Nortonville 2 - Colorado Springs 3
TOP OF THE 6TH
Nortonville Cherokees batting - Pitching for Colorado Springs Velocity : RHP Roberto Rodríguez
Batting: RHB Matt Nelson 0-0: Foul Ball, location: 2F
0-1: Called Strike
0-2: Ball
1-2: Foul Ball, location: 2F
1-2: Fly out, F9 (Flyball, 89M)
Batting: RHB Jeff Bass 0-0: Called Strike
0-1: Ball
1-1: Ball
2-1: DOUBLE (Line Drive, 7LM)
Batting: RHB Tim Norris 0-0: Called Strike
0-1: Called Strike
0-2: Ball
1-2: Ball
2-2: Ball
3-2: Base on Balls
Batting: RHB Joel Lee 0-0: Ball
1-0: Ball
2-0: Foul Ball, location: 2F
2-1: Foul Ball, location: 2F
2-2: Strikes out swinging
Batting: RHB Lane Hancock 0-0: Ground out 3-1 (Groundball, 3L)
Top of the 6th over - 0 run(s), 1 hit(s), 0 error(s), 2 left on base; Nortonville 2 - Colorado Springs 3
BOTTOM OF THE 6TH
Colorado Springs Velocity batting - Pitching for Nortonville Cherokees : RHP Jim Mitford
Batting: LHB Gregory Johnson 0-0: SINGLE (Line Drive, 4)
Batting: RHB Thomas Dunlap 0-0: Ball
Gregory Johnson steals 2nd base
1-0: Fly out, F8 (Flyball, 8LM)
Batting: RHB Dave Waller 0-0: Ball
1-0: Called Strike
1-1: Ball
2-1: Fly out, F7 (Line Drive, 7S)
Batting: RHB Ralph Johnson 0-0: Ball
1-0: Fly out, F9 (Flyball, 9LM)
Bottom of the 6th over - 0 run(s), 1 hit(s), 0 error(s), 1 left on base; Nortonville 2 - Colorado Springs 3
TOP OF THE 7TH
Nortonville Cherokees batting - Pitching for Colorado Springs Velocity : RHP Roberto Rodríguez
Batting: RHB Leonard James 0-0: Ball
1-0: Called Strike
1-1: SINGLE (Line Drive, 6M)
Pitching: RHP Harlan Harris
Pinch Hitting: RHB César Garza 0-0: Swinging Strike
0-1: Ball
1-1: Ball
2-1: Foul Ball, location: 2F
2-2: Strikes out looking
Batting: SHB Chris Cordell 0-0: Ball
1-0: SINGLE (Groundball, 5D)
Leonard James to second
Batting: RHB Ernest Lee 0-0: Fielders Choice at 2nd, 6-4 (Groundball, 6M)
Leonard James to third
Batting: RHB Matt Nelson 0-0: Ball
1-0: Swinging Strike
1-1: Swinging Strike
1-2: Ball
2-2: Strikes out swinging
Top of the 7th over - 0 run(s), 2 hit(s), 0 error(s), 2 left on base; Nortonville 2 - Colorado Springs 3
BOTTOM OF THE 7TH
Colorado Springs Velocity batting - Pitching for Nortonville Cherokees : RHP Jim Mitford
Now in LF: Greg Terry
Batting: SHB Jim Unknown 0-0: Called Strike
0-1: Foul Ball, location: 2F
0-2: Ball
1-2: Ball
2-2: Ground out 3-1 (Groundball, 34)
Batting: RHB Tim Mayfield 0-0: Ball
1-0: Called Strike
1-1: Called Strike
1-2: Ground out 6-3 (Groundball, 6)
Batting: SHB Jack Bell 0-0: Ball
1-0: Ball
2-0: Foul Ball, location: 2F
2-1: Ball
3-1: Foul Ball, location: 2F
3-2: Foul Ball, location: 2F
3-2: Base on Balls
Pitching: RHP Jim Unknown
Pinch Hitting: LHB Melvin Bauer 0-0: Ball
1-0: SINGLE (Line Drive, 6MD)
Jack Bell to second
Pinch Hitting: LHB Gunner Harmon 0-0: Ball
1-0: Ball
2-0: Ball
3-0: Foul Ball, location: 2F
3-1: Called Strike
3-2: Foul Ball, location: 2F
3-2: Base on Balls
Jack Bell to third
Melvin Bauer to second
Pitching: LHP Rodrigo Salgado
Pinch Hitting: RHB Jesús Benítez 0-0: Ball
1-0: Called Strike
1-1: Ball
2-1: Called Strike
2-2: Ball
3-2: Foul Ball, location: 2F
3-2: Ground out 6-3 (Groundball, 6)
Bottom of the 7th over - 0 run(s), 1 hit(s), 0 error(s), 3 left on base; Nortonville 2 - Colorado Springs 3
TOP OF THE 8TH
Nortonville Cherokees batting - Pitching for Colorado Springs Velocity : RHP Harlan Harris
Pitching: RHP Del Green
Now at SS: Carl Hall
Now in LF: Jesús Benítez
Now in RF: Mauro Kappes
Batting: RHB Jeff Bass 0-0: Ball
1-0: Swinging Strike
1-1: Swinging Strike
1-2: SINGLE (Line Drive, 4MD)
Pinch Hitting: RHB Jim Unknown 0-0: Swinging Strike
0-1: Foul Ball, location: 2F
0-2: Foul Ball, location: 2F
0-2: Ball
1-2: Ball
2-2: Grounds into double play, 1-4-3 (Groundball, 23)
Batting: RHB Joel Lee 0-0: Swinging Strike
0-1: Foul Ball, location: 2F
0-2: Strikes out swinging
Top of the 8th over - 0 run(s), 1 hit(s), 0 error(s), 0 left on base; Nortonville 2 - Colorado Springs 3
BOTTOM OF THE 8TH
Colorado Springs Velocity batting - Pitching for Nortonville Cherokees : LHP Rodrigo Salgado
Pitching: LHP Jim Unknown
Now in RF: Jim Unknown
Batting: RHB Thomas Dunlap 0-0: Ball
1-0: Ball
2-0: Called Strike
2-1: Called Strike
2-2: Strikes out swinging, 2-3 out at first.
Batting: RHB Dave Waller 0-0: SINGLE (Groundball, 56D)
Batting: RHB Ralph Johnson 0-0: Ball
1-0: Called Strike
Dave Waller is caught stealing 2nd base
1-1: Foul Ball, location: 2F
1-2: Strikes out swinging
Bottom of the 8th over - 0 run(s), 1 hit(s), 0 error(s), 0 left on base; Nortonville 2 - Colorado Springs 3
TOP OF THE 9TH
Nortonville Cherokees batting - Pitching for Colorado Springs Velocity : RHP Del Green
Pitching: RHP Anthony McLaughlin
Pinch Hitting: LHB Dudley Duncan 0-0: Foul Ball, location: 2F
0-1: Called Strike
0-2: Ball
1-2: Strikes out swinging
Pinch Hitting: LHB Jim Unknown 0-0: Ground out 6-3 (Groundball, 6)
Batting: RHB Greg Terry 0-0: Ball
1-0: Foul Ball, location: 2F
1-1: Ball
2-1: Ball
3-1: Swinging Strike
3-2: Foul Ball, location: 2F
3-2: Foul Ball, location: 2F
3-2: Foul Ball, location: 2F
3-2: Fly out, F7 (Flyball, 78M)
Top of the 9th over - 0 run(s), 0 hit(s), 0 error(s), 0 left on base; Nortonville 2 - Colorado Springs 3
This league is powered by Out of the Park Baseball, the baseball management simulation game for PC, Mac and Linux
Saturday, February 27th, 2021 - OOTP Baseball 15.6 Build 34